AoeStats
← poruba15

Arena

510161941Analyzed
2v2 RM · 18h ago on Sep 29, 2026· 36m 15s· 4 players
Game mode
Random Map
Map size
Medium (4 player)
Population
200
Speed
Normal
Resources
Standard
Victory
Conquest
Starting age
Dark Age
Ending age
Imperial Age
RankedLock teamsTeams togetherTeam positionsShared explorationLock speedFull tech treeHidden civsTurbo modeCheats
Victory
Defeat
🇪🇸 Vikings · Spain
913
+14
🇨🇿 Teutons · Czechia
886
+15
🇧🇷 Britons · Brazil
879
-15
🇧🇷 Huns · Brazil
864
-14
poruba15
0:28 Loom
13:53 Feudal Age
15:28 Stone Mining
16:41 Double-Bit Axe
19:14 Castle Age
19:43 Wheelbarrow
19:36 Gold Mining
19:58 Town Watch
22:11 Hand Cart
21:57 Town Patrol
23:15 Fletching
24:10 Bow Saw
25:25 Bodkin Arrow
29:20 Imperial Age
27:25 Caravan
29:33 Stone Shaft Mining
28:47 Horse Collar
ROKET_RS7
10:50 Feudal Age
11:16 Double-Bit Axe
16:54 Castle Age
17:03 Horse Collar
20:07 Pikeman
20:52 Squires
21:37 Gold Mining
29:06 Imperial Age
28:06 Elite Skirmisher
29:19 Bow Saw
30:13 Ballistics
30:43 Padded Archer Armor
30:34 Fletching
32:01 Gold Shaft Mining
32:07 Conscription
35:35 Two-Man Saw
35:04 Leather Archer Armor
34:44 Bodkin Arrow
35:44 Forging
35:34 Scale Mail Armor
36:14 Light Cavalry
Cara de Fuinha
13:51 Feudal Age
15:10 Wheelbarrow
14:33 Gold Mining
14:44 Stone Mining
15:45 Double-Bit Axe
20:00 Castle Age
18:13 Fletching
19:00 Padded Archer Armor
21:23 Hand Cart
21:33 Bow Saw
22:11 Gold Shaft Mining
22:30 Bodkin Arrow
24:58 Leather Archer Armor
31:44 Imperial Age
32:40 Yeomen
33:37 Conscription
Comuna ☭
12:55 Feudal Age
13:44 Double-Bit Axe
14:01 Horse Collar
15:01 Gold Mining
18:38 Stone Mining
21:05 Castle Age
21:59 Scale Barding Armor
22:53 Gold Shaft Mining
22:30 Heavy Plow
22:53 Bow Saw
27:08 Forging
Connection lost

Rejoining the realm…

Still unreachable

The connection could not be restored.

Session expired

The server has moved on; the page needs a fresh start.